 Dungeon Crawl Stone Soup version 0.17-a0-755-g4391640 (webtiles) character file.

243 namelastname112 the Chucker (level 5, -4/46 HPs)
             Began as a Draconian Hunter on Apr 22, 2015.
             Slain by an ice beast (14 damage)
             ... on level 5 of the Dungeon.
             The game lasted 00:07:52 (3895 turns).

namelastname112 the Chucker (Draconian Hunter)      Turns: 3895, Time: 00:07:52

Health: -4/46      AC:  5    Str: 14    XL:     5   Next: 82%
Magic:  5/5        EV: 13    Int: 11    God:
Gold:   31         SH:  0    Dex: 13    Spells: 0 memorised, 4 levels left

rFire  . . .     SeeInvis +     w - +3 short sword (venom)
rCold  . . .     Clarity  .     (armour unavailable)
rNeg   . . .     SustAb   .     (no shield)
rPois  .         Gourm    .     (helmet restricted)
rElec  .         Spirit   .     (no cloak)
rCorr  .         Warding  .     (no gloves)
rMut   .         Stasis   .     (no boots)
MR     .....                    (no amulet)
Stlth  ..........               i - ring of loudness (curse)
                                j - ring of see invisible

@: slowed, very slow, not resistant to hostile enchantments, extremely
unstealthy
A: unfitting armour, cold-blooded, AC +5
a: no special abilities


You were on level 5 of the Dungeon.
You were not hungry.

You visited 1 branch of the dungeon, and saw 5 of its levels.

You collected 167 gold pieces.
You spent 136 gold pieces at shops.

Inventory:

Hand weapons
 w - a +3 short sword of venom (weapon)
Jewellery
 g - an uncursed ring of magical power
 i - a cursed ring of loudness (right hand)
 j - a ring of see invisible (left hand)
 m - a +6 ring of dexterity {unknown}
Magical devices
 r - a wand of frost (20)
Scrolls
 f - 2 scrolls of recharging {unknown}
 h - 3 scrolls of identify {unknown}
 l - 5 scrolls of teleportation
 n - 2 scrolls of magic mapping {unknown}
 p - 2 scrolls of enchant armour {unknown}
 t - 2 scrolls of fear {unknown}
 y - a scroll of blinking
Potions
 a - a potion of curing {unknown}
 e - a potion of magic {unknown}
 k - a potion of heal wounds
 o - a potion of mutation {unknown}
 q - a potion of degeneration {unknown}
 s - a potion of resistance {unknown}
 v - 2 potions of haste {unknown}
 z - a potion of cancellation {unknown}
Comestibles
 d - 3 bread rations
 u - a slice of pizza
 x - a meat ration
 A - 2 chunks of flesh


   Skills:
 + Level 4.0 Fighting
 * Level 5.1 Throwing
 + Level 3.2 Dodging
 - Level 0.8 Stealth


You had 4 spell levels left.
You didn't know any spells.

Dungeon Overview and Level Annotations

Branches:
Dungeon (5/15)
 Temple: D:4-7

Altars:
Elyvilon
Xom
The Shining One

Shops:
D:5 ?

Annotations:
D:3 RobertPalmer's ghost, average DsCK


Innate Abilities, Weirdness & Mutations

Your plain brown scales are hard (AC +5).
Your body does not fit into most forms of armour.
You are cold-blooded and may be slowed by cold attacks.


Message History

The ice beast hits you but does no damage.
Throwing (i - inventory):
c - a throwing net (quivered)
Press: ? - help, Shift-Dir - straight line, f/p - ice beast
Aim: an ice beast (moderately wounded)
You throw a throwing net. The throwing net hits the ice beast.
The ice beast is caught in the net!
The ice beast is moderately wounded.
You feel yourself speed up.
The ice beast struggles against the net. x2
You hit the ice beast.
The ice beast is poisoned.
The ice beast is moderately wounded.
The ice beast struggles against the net.
The net rips apart, and the ice beast comes free!
You see here a javelin.
You see here 2 throwing nets.
The ice beast looks more healthy.
The ice beast hits you.
* * * LOW HITPOINT WARNING * * *
The ice beast freezes you!
You feel yourself slow down.
You die...

. . .## ..#### ##....# .
#.....+ +.#.. ###
#<...##+#.... # #..
###....#..#....####.
#..###..@..........##....
#####....(.##Y.......#.......
..........#####.......##....
# ....((((...# #..#....# #..#
# #.....#....####.##∩...#
##.### #...
##....##..##....###...## #.
#....(#.####........†).
##........##...........
#...........######..##


You could see an ice beast.

Vanquished Creatures
  2 orc priests
  A worker ant (D:4)
  A gnoll (D:1)
  4 adders
  A shadow imp (D:4)
  4 oozes
  A worm (D:4)
  2 giant geckos
  5 orcs
  12 bats
  A giant cockroach (D:3)
  6 goblins
  8 hobgoblins
  6 jackals
  6 quokkas
  A ball python (D:2)
  2 giant newts
  12 kobolds
  7 rats
82 creatures vanquished.

Notes
Turn   | Place    | Note
--------------------------------------------------------------
     0 | D:1      | namelastname112, the Draconian Hunter, began the quest for the Orb.
     0 | D:1      | Reached XP level 1. HP: 17/17 MP: 1/1
    43 | D:1      | Reached XP level 2. HP: 19/25 MP: 2/2
   325 | D:1      | Reached skill level 4 in Throwing
   401 | D:1      | Reached XP level 3. HP: 25/30 MP: 3/3
  1316 | D:2      | Found a shimmering altar of Xom.
  1588 | D:2      | Reached XP level 4. HP: 29/38 MP: 4/4
  1834 | D:2      | Found a glowing golden altar of the Shining One.
  2081 | D:3      | Noticed RobertPalmer's ghost (average DsCK)
  2491 | D:3      | Reached XP level 5. HP: 28/45 MP: 5/5
  3059 | D:4      | Found a white marble altar of Elyvilon.
  3269 | D:4      | Reached skill level 5 in Throwing
  3759 | D:5      | Entered Level 5 of the Dungeon
  3812 | D:5      | Found Ihiath's Magic Scroll Shoppe.
  3821 | D:5      | Bought a scroll of blinking for 97 gold pieces
  3821 | D:5      | Bought a scroll of teleportation for 39 gold pieces
  3833 | D:5      | Noticed an ice beast
  3895 | D:5      | Slain by an ice beast

Action                   |  1- 3 |  4- 6 || total
-------------------------+-------+-------++-------
Melee: Short sword       |   147 |   166 ||   313
Throw: Javelin           |     6 |    13 ||    19
       Throwing net      |       |     3 ||     3
  Use: Potion            |       |     1 ||     1
  Eat: Chunk             |     2 |     6 ||     8
       Royal jelly       |       |     1 ||     1
